 Dungeon Crawl Stone Soup version 0.22-a0-299-g43f9854 (webtiles) character file.

1054 vishdafish the Slasher (level 8, -7/69 HPs)
             Began as a Black Draconian Fighter on Mar 26, 2018.
             Was a Follower of Nemelex Xobeh.
             Mangled by an ice beast (13 damage)
             ... on level 5 of the Dungeon.
             The game lasted 00:08:52 (3998 turns).

vishdafish the Slasher (Black Draconian Fighter)    Turns: 3998, Time: 00:08:54

Health: -7/69      AC:  7    Str: 18    XL:     8   Next: 5%
Magic:  10/10      EV: 11    Int: 11    God:    Nemelex Xobeh [*.....]
Gold:   281        SH:  9    Dex: 11    Spells: 7/7 levels left

rFire    . . .     SeeInvis .   k - +0 long sword
rCold    . . .     Gourm    .   b - +0 shield
rNeg     . . .     Faith    .   (armour unavailable)
rPois    .         Spirit   .   (helmet restricted)
rElec    +         Reflect  .   v - +0 cloak
rCorr    .         Harm     .   (no gloves)
MR       .....                  (no boots)
Stlth    +.........             t - amulet of the acrobat
HPRegen  0.21/turn              (no ring)
MPRegen  0.12/turn              (no ring)

@: short of breath
A: breathe lightning, unfitting armour, electricity resistance, cold-blooded, AC
+6
a: Breathe Lightning, Renounce Religion


You were on level 5 of the Dungeon.
You worshipped Nemelex Xobeh.
Nemelex Xobeh was aware of your devotion.
You were very hungry.

You visited 1 branch of the dungeon, and saw 5 of its levels.

You collected 281 gold pieces.

Inventory:

Hand Weapons
 a - a +0 long sword
 k - a +0 long sword (weapon)
 y - a +0 trident
Armour
 b - a +0 shield (worn)
 v - a +0 cloak (worn)
Jewellery
 t - an amulet of the acrobat (around neck)
Wands
 x - a wand of random effects (9)
Scrolls
 f - a scroll of enchant weapon
 g - a scroll of fog {unknown}
 h - 3 scrolls of teleportation {unknown}
 i - 2 scrolls of fear {unknown}
 l - a scroll of blinking {unknown}
 n - a scroll of remove curse {unknown}
 p - 2 scrolls of magic mapping {unknown}
Potions
 c - 2 potions of might
 e - 3 potions of ambrosia
 j - a potion of degeneration {unknown}
 m - 4 potions of haste
 q - 2 potions of agility
 r - a potion of invisibility
 s - a potion of mutation
 u - a potion of brilliance {unknown}
 w - a potion of lignification
 z - a potion of curing {unknown}
Miscellaneous
 o - an ornate deck of summoning {drawn: 1}
Comestibles
 d - 3 rations


   Skills:
 + Level 5.4 Fighting
 * Level 5.7 Long Blades
 + Level 4.4 Dodging
 + Level 4.8 Shields
 * Level 3.6 Invocations


You had 7 spell levels left.
You didn't know any spells.

Dungeon Overview and Level Annotations

Branches:
Dungeon (5/15)             Temple (0/1) D:4

Altars:
Kikubaaqudgha
Makhleb
Nemelex Xobeh
Qazlal


Innate Abilities, Weirdness & Mutations

You can breathe wild blasts of lightning.
Your glossy black scales are hard. (AC +6)
You cannot fit into any form of body armour.
You are resistant to electric shocks. (rElec)
You are cold-blooded and may be slowed by cold attacks.


Message History

Evoke which item? (* to show all) (? for menu, Esc to quit)
Aiming: Random Effects
Press: ? - help, Shift-Dir - straight line, f/p - ice beast
Aim: an ice beast (severely wounded)
The mass of ice explodes!
The iceblast engulfs the ice beast.
The ice beast partially resists.
The ice beast is almost dead.
The iceblast engulfs you!
* * * LOW HITPOINT WARNING * * *
The ice beast hits you but does no damage.
You hit the ice beast.
The ice beast is almost dead.
You block the ice beast's attack.
You barely miss the ice beast.
Your tail-slap misses the ice beast.
The ice beast is almost dead.
The ice beast hits you.
* * * LOW HITPOINT WARNING * * *
The ice beast freezes you!
You die...
Your body disappears without a glow.

#....# ##._.#
#....###.†..########
####.#...##...##......#
##.....#..###.##..?....#
##......##..#†.##.......#####
#.......###...##.............
#........###.#####....####
#.........####.........).####
##..........@Y...............
##.......[.#######........##
####.......## ##.........
#######..## ###.....##
#######..## ##....#
..........#######..#.##
.............#.........
..........##......###..
..........###..##..##..


You could see an ice beast.

Vanquished Creatures
  The ghost of Amnesiac the Magician, an amateur DEWz (D:4)
  An ogre (D:3)
  A centaur (D:5)
  A scorpion (D:5)
  4 killer bees (D:5)
  A hound (D:5)
  2 orc wizards (D:4)
  Robin (D:4)
  5 adders
  A worm (D:2)
  3 dart slugs
  2 leopard geckos
  7 orcs
  A ball python (D:2)
  6 bats
  4 giant cockroaches
  11 goblins
  7 hobgoblins
  14 jackals
  2 quokkas
  7 frilled lizards
  6 kobolds
  5 rats
93 creatures vanquished.

Vanquished Creatures (collateral kills)
  The ghost of vishdafish the Skirmisher, an amateur DrFi (D:3)
  Grinder (D:4)
  A phantom (D:5)
  2 ogres
  A shadow imp (D:5)
  4 goblins (D:4)
  2 hobgoblins (D:4)
12 creatures vanquished.

Grand Total: 105 creatures vanquished

Notes
Turn   | Place    | Note
-------+----------+-------------------------------------------
     0 | D:1      | vishdafish the Draconian Fighter began the quest for the Orb.
     0 | D:1      | Reached XP level 1. HP: 19/19 MP: 1/1
   378 | D:1      | Reached XP level 2. HP: 26/26 MP: 2/2
   701 | D:2      | Found a faded altar of an unknown god.
   710 | D:2      | Reached XP level 3. HP: 21/31 MP: 3/3
  1092 | D:2      | Found a sparkling altar of Nemelex Xobeh.
  1234 | D:2      | Became a worshipper of Nemelex Xobeh the Trickster
  1276 | D:3      | Received a gift from Nemelex Xobeh
  1300 | D:3      | Reached XP level 4. HP: 36/40 MP: 4/4
  1401 | D:3      | Noticed vishdafish's ghost (amateur DrFi)
  1421 | D:3      | Killed vishdafish's ghost
  1421 | D:3      | Reached XP level 5. HP: 5/46 MP: 5/5
  1689 | D:3      | Found a stormy altar of Qazlal.
  1807 | D:3      | Noticed an ogre
  1821 | D:3      | Killed an ogre
  1821 | D:3      | Reached XP level 6. HP: 53/53 MP: 6/6
  1832 | D:3      | Found a sparkling altar of Nemelex Xobeh.
  2027 | D:4      | Noticed Amnesiac's ghost (amateur DEWz)
  2035 | D:4      | Killed Amnesiac's ghost
  2043 | D:4      | Found a staircase to the Ecumenical Temple.
  2124 | D:4      | Reached * piety under Nemelex Xobeh
  2242 | D:4      | Noticed Grinder
  2243 | D:4      | Paralysed by Grinder for 7 turns
  2245 | D:4      | Noticed Robin
  2260 | D:4      | Killed Grinder
  2260 | D:4      | Reached skill level 1 in Invocations
  2269 | D:4      | Killed Robin
  2587 | D:4      | Found an ancient bone altar of Kikubaaqudgha.
  2632 | D:4      | Your scales start taking on a glossy black colour.
  2632 | D:4      | Reached XP level 7. HP: 27/60 MP: 6/8
  2632 | D:4      | Gained mutation: You are resistant to electric shocks. (rElec) [Black Draconian growth]
  2916 | D:5      | Entered Level 5 of the Dungeon
  2956 | D:5      | Reached skill level 5 in Long Blades
  3324 | D:5      | Reached skill level 5 in Fighting
  3485 | D:5      | Received a gift from Nemelex Xobeh
  3556 | D:5      | Reached XP level 8. HP: 7/68 MP: 10/10
  3928 | D:5      | Found a burning altar of Makhleb.
  3998 | D:5      | Mangled by an ice beast

Vault maps used:
D:1:      minmay_arrival_widening_spiral_wide
D:2:      first_ration, chequers_ecumenical_altar_simple,
          kennysheep_another_room, nemelex_diamond_rough_becter
D:3:      nemelex_altar_shiori, grunt_qazlal_clouds
D:4:      lemuel_crystal_altar, lemuel_temple_firewalk_a, uniq_grinder,
          uniq_robin
D:5:      makhleb_blood_cavern_becter, grunt_decor_clamped

Skill      XL: |  1  2  3  4  5  6  7 |
---------------+----------------------+-----
Dodging        | 3 4 |  4.4
Long Blades    | 3 4 5 |  5.7
Fighting       | 4 5 |  5.4
Shields        | 4 |  4.8
Invocations    | 1 3 |  3.6

Action                   |  1- 3 |  4- 6 |  7- 9 || total
-------------------------+-------+-------+-------++-------
Melee: Long sword        |   102 |    73 |   110 ||   285
       Tailslap          |    17 |     7 |    14 ||    38
 Abil: Breathe Lightning |       |       |     2 ||     2
Evoke: Deck              |       |     6 |     2 ||     8
       Wand              |       |       |     9 ||     9
  Use: Potion            |       |       |     1 ||     1
       Scroll            |       |       |     6 ||     6
  Eat: Chunk             |       |     5 |     1 ||     6
       Ration            |       |       |     1 ||     1
Armor: Skin              |    21 |    19 |    54 ||    94
Dodge: Dodged            |    51 |    30 |    80 ||   161
Block: Shield            |    62 |    40 |    80 ||   182
       Rpst.: Long sword |    15 |    12 |    21 ||    48

Table legend:
 A = Spawn XP
 B = Non-spawn XP
 C = Spawn XP percentage of total XP
 D = Spawn monster count
 E = Non-spawn monster count
 F = Spawn count percentage of total count
 G = Total turns spent on level
                    A         B        C        D         E        F      G
               +---------+---------+-------+---------+---------+-------+---------
         Total |       0 |    1507 |   0.0 |       0 |     105 |   0.0 |  3998
               +---------+---------+-------+---------+---------+-------+---------
           D:1 |       0 |      36 |   0.0 |       0 |      19 |   0.0 |   695
           D:2 |       0 |      30 |   0.0 |       0 |      16 |   0.0 |   568
           D:3 |       0 |     360 |   0.0 |       0 |      25 |   0.0 |   726
           D:4 |       0 |     399 |   0.0 |       0 |      25 |   0.0 |  1175
           D:5 |       0 |     682 |   0.0 |       0 |      20 |   0.0 |   834
               +---------+---------+-------+---------+---------+-------+---------
